 Dungeon Crawl Stone Soup version 0.31-a0-117-g42d8f58691 (webtiles) character file.

Game seed: 801319249649119365

406 ragingrage the Slasher (level 6, -1/39 HPs)
             Began as an Octopode Warper on May 30, 2023.
             Slain by Menkaure (18 damage)
             ... on level 4 of the Dungeon.
             The game lasted 00:03:04 (2831 turns).

ragingrage the Slasher (Octopode Warper)            Turns: 2831, Time: 00:03:05

Health: -1/39      AC:  2    Str: 10    XL:     6   Next: 87%
Magic:  9/9        EV: 13    Int: 16    God:
Gold:   163        SH:  0    Dex: 13    Spells: 7/9 levels left

rFire   . . .        b - +0 short sword (drain)
rCold   . . .        (no shield)
rNeg    . . .        d - +1 hat
rPois   .            (no amulet)
rElec   .            (no ring)
rCorr   .            (no ring)
SInv    .            (no ring)
Will    .....        (no ring)
Stlth   ++           (no ring)
HPRegen 0.26/turn    (no ring)
MPRegen 0.11/turn    (no ring)
                     (no ring)

%: no passive effects
@: no status effects
A: almost no armour, amphibious, 8 rings, camouflage 1, gelatinous body 1,
(nimble swimmer 1), tentacles
a: no special abilities


You were on level 4 of the Dungeon.
You visited 1 branch of the dungeon, and saw 4 of its levels.
You also visited: Sewer.

You collected 163 gold pieces.

Inventory:

Hand Weapons
 a - a +0 falchion
 b - a +0 short sword of draining (weapon)
Missiles
 c - 6 boomerangs of dispersal (quivered)
 s - 10 poisoned darts
Armour
 d - a +1 hat (worn)
Wands
 t - a wand of digging (9)
 u - a wand of light (4)
 y - a wand of polymorph (7)
Scrolls
 f - 4 scrolls of identify {unknown}
 g - a scroll of poison {unknown}
 j - a scroll of immolation {unknown}
 k - 2 scrolls of acquirement {unknown}
 m - a scroll of noise {unknown}
 p - a scroll of teleportation {unknown}
 r - 2 scrolls of enchant armour {unknown}
 v - 2 scrolls of blinking
 w - a scroll of enchant weapon {unknown}
Potions
 h - a potion of invisibility {unknown}
 i - a potion of brilliance {unknown}
 l - a potion of berserk rage {unknown}
 n - a potion of might {unknown}
 o - a potion of attraction {unknown}
 q - a potion of lignification {unknown}
 x - a potion of heal wounds {unknown}


   Skills:
 - Level 2.0 Fighting
 + Level 2.9(4.7) Short Blades
 - Level 5.7(6.1) Long Blades
 - Level 1.0 Throwing
 - Level 2.3 Dodging
 - Level 2.0 Spellcasting
 - Level 4.0 Translocations


You had 7 spell levels left.
You knew the following spells:

 Your Spells              Type           Power      Damage    Failure   Level
a - Blink                 Tloc           28%        N/A       6%          2

Your spell library contained the following spells:

 Spells                   Type           Power      Damage    Failure   Level
 Lesser Beckoning         Tloc           28%        N/A       6%          2
 Teleport Other           Tloc           14%        N/A       12%         3
 Momentum Strike          Conj/Tloc      16%        3d8       14%         2
 Vhi's Electric Charge    Tloc/Air       16%        N/A       26%         3
 Manifold Assault         Tloc           14%        N/A       36%         4


Dungeon Overview and Level Annotations

Branches:
Dungeon (4/15)             Temple (0/1) D:4           Sewer (visited)

Altars:
Trog
Uskayaw

Annotations:
D:4 Menkaure


Innate Abilities, Weirdness & Mutations

You cannot wear most types of armour.
You are amphibious.
You can wear up to eight rings at the same time.
Your skin changes colour to match your surroundings (Stealth+).
Your rubbery body absorbs attacks. (AC +1, EV +1)
((You are camouflaged when in or above water. (Stealth+)))
You have tentacles for arms and can constrict up to eight enemies at once.


Message History

Unknown command.
You hit Ijyb. You drain Ijyb. You constrict Ijyb, but do no damage.
Unknown command.
You barely miss Ijyb. You squeeze Ijyb. You constrict Ijyb, but do no damage.
Ijyb zaps a wand.
You resist with some effort.
Unknown command.
You hit Ijyb but do no damage. You drain Ijyb. You squeeze Ijyb.
You kill Ijyb!
Unknown command.
y - a wand of polymorph (7)
Things that are here:
a +0 dagger; a +0 ring mail You now have 163 gold pieces (gained 18).
You enter the shallow water.
You add the spell Momentum Strike to your library.
Found a hide-covered altar of Uskayaw.
Menkaure, Prince of Dust comes into view.
Found a staircase to the Ecumenical Temple.
Menkaure is nearby!
Unknown command.
Menkaure shouts!
Menkaure casts a spell.
Menkaure seems to speed up.
You hit Menkaure. You grab Menkaure. You squeeze Menkaure, but do no damage.
You constrict Menkaure.
Menkaure gestures at you while chanting.
Pain shoots through your body!
You hit Menkaure but do no damage. You squeeze Menkaure.
You constrict Menkaure.
Menkaure points at you and mumbles some strange words.
Pain shoots through your body!
You hit Menkaure. You constrict Menkaure. Menkaure hits you!
* * * LOW HITPOINT WARNING * * *
You hit Menkaure but do no damage.
You constrict Menkaure, but do no damage.
Menkaure closely misses you.
It was a potion of curing.
You feel better.
You constrict Menkaure. Menkaure hits you!!
You die...

#................8...
#...#########.....#888
#.###..##...##........
#. ...##.#.#.#..).....
#
#.+._.#...#((#...#####
## #...##(#(#(#..## .#
###..##(((##..# .#
#########..?# .#
......M@...## ##
############ #


You could see Menkaure (fast) and 8 dancing weapons.

Vanquished Creatures
  Pargi (Sewer)
  A kobold brigand (Sewer)
  Ijyb (D:4)
  Terence (D:2)
  Robin (D:2)
  6 adders
  A river rat (D:4)
  4 worms
  3 dart slugs
  4 endoplasms
  12 goblins
  10 hobgoblins
  11 jackals
  8 kobolds
  3 quokkas
  7 ball pythons
  7 bats
  4 frilled lizards
  3 giant cockroaches
  8 rats
96 creatures vanquished.

Vanquished Creatures (others)
  A wizard (D:3)
1 creature vanquished.

Grand Total: 97 creatures vanquished

Notes
Turn   | Place    | Note
-------+----------+-------------------------------------------
     0 | D:1      | ragingrage the Octopode Warper began the quest for the Orb.
     0 | D:1      | Reached XP level 1. HP: 14/14 MP: 3/3
   110 | D:1      | Reached XP level 2. HP: 18/19 MP: 5/5
   182 | D:1      | Reached skill level 3 in Long Blades
   387 | D:1      | Reached XP level 3. HP: 23/24 MP: 6/6
   833 | D:2      | Reached skill level 4 in Long Blades
   839 | D:2      | Reached XP level 4. HP: 15/29 MP: 7/7
  1147 | D:2      | Noticed Terence
  1226 | D:3      | Learned a level 2 spell: Blink
  1365 | D:3      | Found a bloodstained altar of Trog.
  1366 | D:3      | Noticed a wizard
  1371 | D:3      | Killed a wizard
  1564 | D:2      | Noticed Robin
  1698 | D:2      | Reached XP level 5. HP: 34/34 MP: 8/8
  1865 | D:2      | Killed Robin
  1869 | D:2      | Reached skill level 5 in Long Blades
  1895 | D:2      | Killed Terence
  2076 | D:4      | Found a glowing drain.
  2095 | Sewer    | Entered a sewer
  2122 | Sewer    | Noticed a kobold brigand
  2132 | Sewer    | Killed a kobold brigand
  2133 | Sewer    | Reached XP level 6. HP: 15/39 MP: 9/9
  2303 | Sewer    | Noticed Pargi
  2311 | Sewer    | Killed Pargi
  2321 | Sewer    | Identified the +1 helmet "Xipeops" {Dex+3}
  2597 | D:4      | Noticed Ijyb
  2606 | D:4      | Killed Ijyb
  2804 | D:4      | Noticed a +0 falchion
  2804 | D:4      | Noticed a +0 falchion
  2808 | D:4      | Noticed a +0 spear
  2809 | D:4      | Noticed a +0 short sword
  2809 | D:4      | Noticed a +0 spear
  2809 | D:4      | Noticed a +0 short sword
  2810 | D:4      | Noticed a +0 dagger
  2810 | D:4      | Noticed a +0 dagger
  2814 | D:4      | Found a hide-covered altar of Uskayaw.
  2818 | D:4      | Found a staircase to the Ecumenical Temple.
  2818 | D:4      | Noticed Menkaure
  2831 | D:4      | Slain by Menkaure

Illustrated notes

Levels and vault maps discovered:
D:1:      lightli_arrival_maybe_door_vault, layout_loops_cross
D:2:      layout_basic, uniq_terence, uniq_robin
D:3:      layout_basic, trog_wizard
D:4:      layout_layer_cave, nicolae_uskayaw_en_pointe,
          minmay_temple_entry_statues, cheibrodos_sewer_entry_sluice,
          abandoned_shop, dk_rats_in_the_wall, uniq_menkaure, uniq_edmund,
          uniq_ijyb, uniq_grinder

Skill      XL: |  1  2  3  4  5  6 |
---------------+-------------------+-----
Long Blades    | 3 4 5 |  5.7
Translocations | 4 |  4.0
Short Blades   | 2 |  2.9
Fighting       | |  2.0
Throwing       | |  1.0
Dodging        | |  2.3
Spellcasting   | |  2.0

Action                     |  1- 3 |  4- 6 || total
---------------------------+-------+-------++-------
  Melee: Falchion          |    91 |    96 ||   187
         Constrict         |    22 |    30 ||    52
         Tentacles         |    13 |    34 ||    47
         Punch             |     1 |     2 ||     3
         Short sword       |       |    38 ||    38
  Throw: Dart              |       |     3 ||     3
         Boomerang         |       |     1 ||     1
    Use: Potion            |       |     1 ||     1
   Stab: Sleeping          |     8 |     7 ||    15
 Armour: Skin              |    12 |    20 ||    32
  Dodge: Dodged            |    56 |    75 ||   131

Table legend: (Time is in decaauts)
 A = Elapsed time spent in this place.
 B = Non-inter-level travel time spent in this place.
 C = Inter-level travel time spent in this place.
 D = Time resting spent in this place.
 E = Time spent auto-exploring this place.
 F = Levels seen in this place.
 G = Mean time per level.
                   A        B        C        D        E       F      G
               +--------+--------+--------+--------+--------+-----+--------+
         Total |   2838 |   2743 |     95 |    255 |   1770 |   5 |  567.6 |
       Dungeon |   2590 |   2495 |     95 |    174 |   1697 |   4 |  647.5 |
         Sewer |    247 |    247 |      0 |     81 |     73 |   1 |  247.0 |
               +--------+--------+--------+--------+--------+-----+--------+

Top non-repeatable levels by time:
     D:2: 836 daAuts
     D:1: 769 daAuts
     D:4: 518 daAuts
     D:3: 466 daAuts
   Sewer: 247 daAuts
